Map: Eternal Empire LE

Players

gilbert - Winner!

  • Race: Protoss Protoss
  • League: Gold
  • Spawn Location: 7:00

JohnnyV

  • Race: Terran Terran
  • Spawn Location: 1:00

VOD

Have the link to the VOD?

Description

Time

  • Played on: April 29, 2020, 11:15 a.m.
  • Length: 5:59
Show
View Real Time Build Order
Export as new Build Order

gilbert Protoss - Winner!

Build Orders: 1 Gate Expand 

Get SALT Encoding   

  12  0:01  Probe  
  13  0:13  Probe  
  14  0:18  Pylon  
  14  0:25  Probe  
  15  0:37  Probe (Chrono Boost)  
  15  0:38  Gateway  
  16  0:45  Assimilator  
  16  0:49  Probe (Chrono Boost)  
  17  0:56  Probe (Chrono Boost)  
  18  1:04  Probe  
  19  1:21  Nexus  
  19  1:31  Cybernetics Core  
  19  1:38  Assimilator  
  19  1:39  Probe  
  20  1:49  Pylon  
  20  1:52  Probe  
  21  1:59  Warp Gate  
  21  2:06  Stalker (Chrono Boost)  
  23  2:12  Probe  
  24  2:20  Robotics Facility  
  24  2:24  Probe  
  25  2:34  Probe  
  25  2:35  Stalker  
  25  2:36  Probe  
  29  2:46  Probe  
  29  2:49  Pylon  
  29  2:50  Probe  
  31  2:58  Probe  
  32  3:02  Probe  
  32  3:05  Stalker  
  35  3:08  Observer (Chrono Boost)  
  35  3:12  Probe  
  37  3:21  Probe, Immortal (Chrono Boost)  
  37  3:26  Probe  
  43  3:31  Gateway  
  43  3:34  Probe  
  44  3:38  Assimilator  
  44  3:41  Probe  
  45  3:45  Pylon  
  45  3:50  Stalker  
  45  3:51  Probe  
  48  3:57  Pylon  
  48  4:05  Probe  
  48  4:06  Probe  
  50  4:10  Assimilator  
  50  4:18  Probe, Stalker  
  53  4:25  Robotics Bay  
  53  4:26  Twilight Council  
  53  4:27  Pylon  
  53  4:29  Probe  
  54  4:36  Stalker  
  56  4:55  Probe  
  56  4:56  Probe  
  56  4:58  Stalker  
  60  5:00  Observer  
  61  5:11  Forge  
  49  5:28  Probe x2  
  50  5:40  Probe x2  
Show
View Real Time Build Order
Export as new Build Order

JohnnyV Terran 

Build Orders:  

Get SALT Encoding   

  12  0:01  SCV  
  13  0:13  SCV  
  14  0:17  Supply Depot  
  14  0:25  SCV  
  15  0:30  Refinery  
  15  0:43  Barracks  
  15  0:45  SCV  
  16  1:00  SCV  
  17  1:12  SCV  
  18  1:24  SCV  
  19  1:29  Refinery  
  19  1:32  Marine  
  20  1:36  SCV  
  20  1:39  Bunker  
  21  1:46  Barracks  
  21  1:51  Factory  
  22  1:55  Orbital Command  
  21  2:05  Marine  
  22  2:23  Marine  
  22  2:28  Supply Depot  
  23  2:42  Barracks Reactor  
  22  2:50  Widow Mine  
  24  2:54  Command Center  
  24  2:58  SCV  
  25  3:11  Widow Mine  
  27  3:13  Starport  
  27  3:23  Armory  
  27  3:27  SCV  
  27  3:30  Marine  
  29  3:46  Widow Mine  
  31  4:05  Marine, Medivac  
  31  4:06  Supply Depot  
  34  4:12  Orbital Command  
  34  4:15  Supply Depot  
  34  4:34  Marine x2  
  34  4:37  Widow Mine  
  33  5:10  Marine x2  
  35  5:26  Widow Mine  
Tags
 
Add a new tag
Caveats
  • Supply blocks, unpowered buildings, or Contaminate may cause inaccurate times.
  • Supply counts are checked every 10 seconds.